Islanders vs Blues
Created - January 3, 2021 at 22:21
Goals
|
| Islanders |
0 |
2 |
0 |
2 |
| Blues |
2 |
3 |
0 |
5 |
|
Shots
|
| Islanders |
11 |
12 |
4 |
27 |
| Blues |
13 |
17 |
4 |
34 |
|
1st period
1. Blues , Fabian Brunnstrom 7 (Alex Pietrangelo 27, Filip Forsberg 16) at 6:41
2. Blues , Yann Sauvé 1 (Jake Gardiner 11, Nicklas Backstrom 28) at 14:30
Penalties :
Drew Shore (STL) for Tripping (Minor) at 2:09, Filip Forsberg (STL) for Hooking (Minor) at 7:21, Mike Brown (NYI) for Hooking (Minor) at 14:49, Evander Kane (NYI) for Hooking (Minor) at 17:29
2nd period
3. Blues , Drew Shore 9 (Anthony Mantha 4, Fabian Brunnstrom 11) at 1:10
4. Blues , Gustav Nyquist 3 (Alex Pietrangelo 28, Ryan O'Reilly 16) at 11:09
5. Islanders , Zac Rinaldo 6 (Vladimir Tarasenko 23, Tomas Plekanec 3) at 16:55
6. Islanders , Joe Thornton 13 (Ryan Ellis 35, Evander Kane 24) at 17:47 (PP)
7. Blues , Nicklas Backstrom 21 (Jordan Eberle 10) at 19:40 (PP)
Penalties :
Carey Price (STL) for Slashing (Minor) at 6:57 - Vincent Lecavalier served the penalty, Gustav Nyquist (STL) for Holding (Minor) at 14:46, Sergei Shirokov (STL) for High sticking (Minor) at 17:35, Jay Bouwmeester (NYI) for Interference (Minor) at 19:36
3rd period
No Goal
Penalties :
David Legwand (NYI) for Slashing (Minor) at 7:18, Tomas Kundratek (NYI) for Tripping (Minor) at 9:42
Goalie Stats
Jonathan Quick (NYI), 29 saves from 34 shots - (0.853), L, 17-9-1, 60:00 minutes
Carey Price (STL), 25 saves from 27 shots - (0.926), W, 15-7-4, 60:00 minutes
Players Stats for Islanders
Player Name G A P +/- PIM S H SB GA TA FO MP PP MP PK MP
------------------------------------------------------------------------------------
Carl Klingberg 0 0 0 -1 0 1 0 0 0 0 0/0 16:29 2:46 1:44
David Legwand 0 0 0 -2 2 0 2 0 0 0 5/10 16:40 3:16 1:04
Dustin Byfuglien 0 0 0 -4 0 1 0 0 1 1 0/0 24:20 5:04 3:34
Evander Kane 0 1 1 -1 2 5 2 0 2 0 2/2 23:53 4:58 3:27
Fedor Tyutin 0 0 0 0 0 1 2 0 0 1 0/0 21:22 3:04 4:26
Jay Bouwmeester 0 0 0 0 2 1 2 1 0 0 0/0 21:01 3:04 3:34
Jiri Hudler 0 0 0 -1 0 3 5 0 0 0 0/0 12:19 0:14 0:00
Joe Thornton 1 0 1 -1 0 2 1 0 1 0 12/26 19:48 4:52 0:16
Justin Falk 0 0 0 1 0 0 0 0 0 0 0/0 10:15 0:00 0:00
Maxim Talbot 0 0 0 -1 0 3 0 0 0 0 1/4 13:47 0:00 2:05
Mike Brown 0 0 0 -1 2 0 2 1 0 1 0/1 18:23 3:16 0:00
Ryan Ellis 0 1 1 -4 0 4 0 3 1 0 0/0 28:36 5:04 4:26
T.J. Fast 0 0 0 0 0 0 0 0 0 0 0/0 4:10 0:00 0:00
Tomas Fleischmann 0 0 0 -2 0 0 0 0 0 0 0/1 12:15 0:00 0:11
Tomas Kundratek 0 0 0 1 2 1 0 0 0 1 0/0 10:15 0:00 0:00
Tomas Plekanec 0 1 1 1 0 0 0 0 0 2 6/12 9:45 0:00 4:35
Vladimir Tarasenko 0 1 1 -1 0 4 4 2 3 0 1/1 19:59 4:38 0:00
Zac Rinaldo 1 0 1 1 0 1 0 0 0 0 0/0 8:38 0:24 2:38
Players Stats for Blues
Player Name G A P +/- PIM S H SB GA TA FO MP PP MP PK MP
------------------------------------------------------------------------------------
Alex Pietrangelo 0 2 2 0 0 4 1 0 0 1 0/0 22:23 4:50 0:00
Anthony Mantha 0 1 1 2 0 1 1 0 0 0 0/0 9:36 0:00 0:00
Cody Ceci 0 0 0 1 0 1 1 2 0 0 0/0 17:50 0:00 5:15
David Perron 0 0 0 1 0 4 6 0 1 1 1/1 20:50 3:14 2:43
Drew Shore 1 0 1 2 2 5 2 2 0 0 5/11 13:11 0:00 3:30
Fabian Brunnstrom 1 1 2 2 0 3 2 0 0 0 0/0 10:18 0:00 0:42
Filip Forsberg 0 1 1 0 2 1 1 0 0 0 2/4 17:51 4:46 1:20
Gustav Nyquist 1 0 1 0 2 2 4 0 0 0 0/0 7:37 0:00 0:00
Jake Gardiner 0 1 1 2 0 3 2 0 0 1 0/0 22:32 4:50 2:53
Jimmy Vesey 0 0 0 0 0 0 0 0 1 0 0/0 7:37 0:00 0:00
Jordan Eberle 0 1 1 1 0 1 2 0 2 1 2/2 24:11 4:46 4:43
Nicklas Backstrom 1 1 2 1 0 4 1 0 1 0 15/27 19:45 4:46 0:23
Ryan Murray 0 0 0 0 0 0 0 0 1 2 0/0 23:03 3:10 2:53
Ryan O'Reilly 0 1 1 0 0 3 2 0 0 0 4/9 18:06 3:14 2:55
Sergei Shirokov 0 0 0 0 2 1 1 0 0 0 0/0 15:04 3:14 0:00
Shayne Gostisbehere 0 0 0 1 0 0 0 0 0 0 0/0 14:52 3:10 0:00
Vincent Lecavalier 0 0 0 0 0 0 0 0 0 0 1/3 7:42 0:00 0:00
Yann Sauvé 1 0 1 2 0 1 1 1 0 2 0/0 19:20 0:00 5:15
3 Stars
1 - Fabian Brunnstrom (STL)
2 - Nicklas Backstrom (STL)
3 - Yann Sauvé (STL)
Power Play
Islanders - 1 on 5 Attempt(s) - 20.00%
Blues - 1 on 5 Attempt(s) - 20.00%
Penalty Kill
Islanders - 4 on 5 Attempt(s) - 80.00%
- Score 0 goal in Penalty Kill
Blues - 4 on 5 Attempt(s) - 80.00%
- Score 0 goal in Penalty Kill
Team Stat
Islanders - Hits : 20 - Faceoff Wins : 27 - Blocked Shots : 7 - Penalty Minutes : 10
Blues - Hits : 27 - Faceoff Wins : 30 - Blocked Shots : 5 - Penalty Minutes : 10
Official
Referees : Unknown
Linesman : Unknown
Game Notes
No Game Note
Finance
Level 1 -- Attendance: 5062 (84.37%) -- Ticket Income $556,820
Level 2 -- Attendance: 3647 (72.94%) -- Ticket Income $262,584
Level 3 -- Attendance: 1715 (85.75%) -- Ticket Income $77,175
Level 4 -- Attendance: 3389 (84.73%) -- Ticket Income $101,670
Luxury Box -- Attendance: 868 (86.80%) -- Ticket Income $173,600
Game was played at the Scotttrade center.
Total Attendance: 14681 (81.56%)
Total Ticket Income: $1,171,849
Other Income: $175,777
Total Income: $1,347,626
Islanders
5 vs 5 Forward
Center Left Wing Right Wing Time % Phy DF OF
1 Joe Thornton Evander Kane Mike Brown 40 1 1 3
2 David Legwand Tomas Fleischmann Vladimir Tarasenko 30 0 1 4
3 Maxim Talbot Carl Klingberg Jiri Hudler 20 2 1 2
4 Tomas Plekanec Zac Rinaldo Vladimir Tarasenko 10 1 2 2
5 vs 5 Defense
Defense Defense Time % Phy DF OF
1 Ryan Ellis Dustin Byfuglien 38 1 1 3
2 Jay Bouwmeester Fedor Tyutin 32 2 1 2
3 Tomas Kundratek Justin Falk 18 2 2 1
4 Ryan Ellis T.J. Fast 12 1 2 2
PowerPlay Forward
Center Left Wing Right Wing Time % Phy DF OF
1 Joe Thornton Evander Kane Vladimir Tarasenko 60 1 0 4
2 David Legwand Carl Klingberg Mike Brown 40 0 1 4
PowerPlay Defense
Defense Defense Time % Phy DF OF
1 Ryan Ellis Dustin Byfuglien 60 0 1 4
2 Jay Bouwmeester Fedor Tyutin 40 1 0 4
Penalty Kill 4 Players Forward
Center Wing Time % Phy DF OF
1 Tomas Plekanec Evander Kane 60 1 2 2
2 Maxim Talbot Zac Rinaldo 40 1 2 2
Penalty Kill 4 Players Defense
Defense Defense Time % Phy DF OF
1 Ryan Ellis Fedor Tyutin 60 1 2 2
2 Jay Bouwmeester Dustin Byfuglien 40 1 2 2
Penalty Kill - 3 Players Forward
Forward Time % Phy DF OF
1 Tomas Plekanec 60 1 4 0
2 Evander Kane 40 2 3 0
Penalty Kill - 3 Players Defense
Defense Defense Time % Phy DF OF
1 Ryan Ellis Dustin Byfuglien 60 1 4 0
2 Jay Bouwmeester Fedor Tyutin 40 3 2 0
4 vs 4 Forward
Center Wing Time % Phy DF OF
1 Joe Thornton Evander Kane 60 1 1 3
2 David Legwand Vladimir Tarasenko 40 1 1 3
4 vs 4 Defense
Defense Defense Time % Phy DF OF
1 Ryan Ellis Dustin Byfuglien 60 1 1 3
2 Jay Bouwmeester Fedor Tyutin 40 1 2 2
Last Minutes Offensive
Center Left Wing Right Wing Defense Defense
Joe Thornton Evander Kane Vladimir Tarasenko Ryan Ellis Fedor Tyutin
Last Minutes Defensive
Center Left Wing Right Wing Defense Defense
Joe Thornton Evander Kane Vladimir Tarasenko Ryan Ellis Fedor Tyutin
Goaltenders
Starting : Jonathan Quick
Backup : Julien Ellis
Extra Forwards
Normal : Evander Kane, Vladimir Tarasenko, Zac Rinaldo - PP : Evander Kane, Vladimir Tarasenko - PK : Tomas Plekanec
Extra Defensemen
Normal : Ryan Ellis, Jay Bouwmeester, Fedor Tyutin - PP : Ryan Ellis - PK : Jay Bouwmeester, Ryan Ellis
Penalty Shots
Vladimir Tarasenko, Evander Kane, Joe Thornton, David Legwand, Tomas Fleischmann
Scratches
Adam Pineault (Healthy), R.J. Umberger (Healthy)
Blues
5 vs 5 Forward
Center Left Wing Right Wing Time % Phy DF OF
1 Nicklas Backstrom David Perron Jordan Eberle 40 1 2 2
2 Ryan O'Reilly Filip Forsberg Sergei Shirokov 30 1 2 2
3 Drew Shore Fabian Brunnstrom Anthony Mantha 20 1 2 2
4 Vincent Lecavalier Jimmy Vesey Gustav Nyquist 10 1 2 2
5 vs 5 Defense
Defense Defense Time % Phy DF OF
1 Alex Pietrangelo Ryan Murray 40 1 2 2
2 Yann Sauvé Jake Gardiner 30 1 2 2
3 Cody Ceci Shayne Gostisbehere 20 1 2 2
4 Alex Pietrangelo Jake Gardiner 10 1 2 2
PowerPlay Forward
Center Left Wing Right Wing Time % Phy DF OF
1 Nicklas Backstrom Filip Forsberg Jordan Eberle 60 1 1 3
2 Ryan O'Reilly David Perron Sergei Shirokov 40 1 1 3
PowerPlay Defense
Defense Defense Time % Phy DF OF
1 Alex Pietrangelo Jake Gardiner 60 1 2 2
2 Shayne Gostisbehere Ryan Murray 40 1 2 2
Penalty Kill 4 Players Forward
Center Wing Time % Phy DF OF
1 Drew Shore Jordan Eberle 60 1 3 1
2 Ryan O'Reilly David Perron 40 1 3 1
Penalty Kill 4 Players Defense
Defense Defense Time % Phy DF OF
1 Yann Sauvé Cody Ceci 60 2 3 0
2 Ryan Murray Jake Gardiner 40 2 3 0
Penalty Kill - 3 Players Forward
Forward Time % Phy DF OF
1 Nicklas Backstrom 60 1 2 2
2 Jordan Eberle 40 1 2 2
Penalty Kill - 3 Players Defense
Defense Defense Time % Phy DF OF
1 Alex Pietrangelo Cody Ceci 60 1 2 2
2 Ryan Murray Yann Sauvé 40 1 2 2
4 vs 4 Forward
Center Wing Time % Phy DF OF
1 Nicklas Backstrom Jordan Eberle 60 1 2 2
2 Ryan O'Reilly David Perron 40 1 2 2
4 vs 4 Defense
Defense Defense Time % Phy DF OF
1 Alex Pietrangelo Cody Ceci 60 1 2 2
2 Jake Gardiner Yann Sauvé 40 1 2 2
Last Minutes Offensive
Center Left Wing Right Wing Defense Defense
Nicklas Backstrom David Perron Jordan Eberle Alex Pietrangelo Jake Gardiner
Last Minutes Defensive
Center Left Wing Right Wing Defense Defense
Drew Shore David Perron Jordan Eberle Yann Sauvé Cody Ceci
Goaltenders
Starting : Carey Price
Backup : Pascal Leclaire
Extra Forwards
Normal : Sergei Shirokov, Vincent Lecavalier, Ryan O'Reilly - PP : Gustav Nyquist, Nicklas Backstrom - PK : Filip Forsberg
Extra Defensemen
Normal : Shayne Gostisbehere, Cody Ceci, Jake Gardiner - PP : Shayne Gostisbehere - PK : Shayne Gostisbehere, Jake Gardiner
Penalty Shots
David Perron, Jordan Eberle, Filip Forsberg, Vincent Lecavalier, Nicklas Backstrom
Scratches
Simon Gagné (Healthy)
% Time on Ice - Islanders
Lines # - Real PCT - Wanted PCT - Time Play
Normal Forward
1 - 34% - 40% - 14:48
2 - 28% - 30% - 12:18
3 - 27% - 20% - 11:42
4 - 12% - 10% - 5:04
Normal Defense
1 - 34% - 38% - 15:03
2 - 33% - 32% - 14:24
3 - 23% - 18% - 10:15
4 - 9% - 12% - 4:10
PP Forward
1 - 60% - 60% - 4:52
2 - 40% - 40% - 3:16
PP Defense
1 - 62% - 60% - 5:04
2 - 38% - 40% - 3:04
PK Forward
1 - 74% - 60% - 5:55
2 - 26% - 40% - 2:05
PK Defense
1 - 55% - 60% - 4:26
2 - 45% - 40% - 3:34
PK3 Forward
1 - 0% - 60%
2 - 0% - 40%
PK3 Defense
1 - 0% - 60%
2 - 0% - 40%
44 Forward
1 - 0% - 60%
2 - 0% - 40%
44 Defense
1 - 0% - 60%
2 - 0% - 40%
Last Minute Offensive - 0:00
Last Minute Defensive - 0:00
Total
Forward - 60:00
Defense - 60:00
|
% Time on Ice - Blues
Lines # - Real PCT - Wanted PCT - Time Play
Normal Forward
1 - 34% - 40% - 14:42
2 - 27% - 30% - 11:57
3 - 22% - 20% - 9:36
4 - 17% - 10% - 7:37
Normal Defense
1 - 39% - 40% - 17:17
2 - 33% - 30% - 14:16
3 - 26% - 20% - 11:26
4 - 2% - 10% - 0:53
PP Forward
1 - 60% - 60% - 4:46
2 - 40% - 40% - 3:14
PP Defense
1 - 60% - 60% - 4:50
2 - 40% - 40% - 3:10
PK Forward
1 - 67% - 60% - 5:25
2 - 33% - 40% - 2:43
PK Defense
1 - 65% - 60% - 5:15
2 - 35% - 40% - 2:53
PK3 Forward
1 - 0% - 60%
2 - 0% - 40%
PK3 Defense
1 - 0% - 60%
2 - 0% - 40%
44 Forward
1 - 0% - 60%
2 - 0% - 40%
44 Defense
1 - 0% - 60%
2 - 0% - 40%
Last Minute Offensive - 0:00
Last Minute Defensive - 0:00
Total
Forward - 60:00
Defense - 60:00
|
Play-by-Play
1st period
0:01 of 1st period - Joe Thornton wins face-off versus Nicklas Backstrom in neutral zone.
0:08 of 1st period - Wrist shot by Evander Kane.
0:08 of 1st period - Stopped by Carey Price with a rebound.
0:10 of 1st period - Wrist shot by Ryan Ellis.
0:10 of 1st period - Deflect By Joe Thornton.
0:10 of 1st period - Stopped by Carey Price with a rebound.
0:12 of 1st period - Slapshot by Ryan Ellis.
0:12 of 1st period - Shot Misses the Net.
0:14 of 1st period - Slapshot by Ryan Ellis.
0:14 of 1st period - Stopped by Carey Price without a rebound.
0:15 of 1st period - David Legwand wins face-off versus Ryan O'Reilly in Blues zone.
1:09 of 1st period - Jordan Eberle is hit by Jiri Hudler and loses puck.
1:48 of 1st period - Snap shot by Evander Kane.
1:48 of 1st period - Shot Misses the Net.
2:09 of 1st period - Minor Penalty to Drew Shore for Tripping.
2:10 of 1st period - Evander Kane wins face-off versus Filip Forsberg in Blues zone.
4:09 of 1st period - Penalty to Drew Shore is over, Drew Shore is back on ice.
4:13 of 1st period - Icing by Mike Brown.
4:14 of 1st period - David Legwand wins face-off versus Vincent Lecavalier in Islanders zone.
4:25 of 1st period - Slapshot by Alex Pietrangelo.
4:25 of 1st period - Deflect By Drew Shore.
4:25 of 1st period - Stopped by Jonathan Quick without a rebound.
4:26 of 1st period - Drew Shore wins face-off versus Maxim Talbot in Islanders zone.
5:11 of 1st period - Wrist shot by Ryan O'Reilly.
5:11 of 1st period - Stopped by Jonathan Quick with a rebound.
6:10 of 1st period - Snap shot by David Perron.
6:10 of 1st period - Shot Misses the Net.
6:12 of 1st period - Slapshot by Alex Pietrangelo.
6:12 of 1st period - Shot Blocked by Jay Bouwmeester.
6:41 of 1st period - Snap shot by Fabian Brunnstrom.
6:41 of 1st period - Goal by Fabian Brunnstrom - Islanders : 0 - Blues : 1.
6:42 of 1st period - Joe Thornton wins face-off versus Nicklas Backstrom in neutral zone.
6:57 of 1st period - Wrist shot by David Perron.
6:57 of 1st period - Shot Misses the Net.
6:59 of 1st period - Snap shot by Nicklas Backstrom.
6:59 of 1st period - Deflect By David Perron.
6:59 of 1st period - Shot Misses the Net.
6:59 of 1st period - Puck is out of play.
7:00 of 1st period - David Legwand wins face-off versus Ryan O'Reilly in Islanders zone.
7:21 of 1st period - Minor Penalty to Filip Forsberg for Hooking.
7:22 of 1st period - Evander Kane wins face-off versus Drew Shore in Blues zone.
7:37 of 1st period - Snap shot by Drew Shore.
7:37 of 1st period - Stopped by Jonathan Quick without a rebound.
7:38 of 1st period - Joe Thornton wins face-off versus Drew Shore in Islanders zone.
7:56 of 1st period - Icing by Ryan Ellis.
7:57 of 1st period - Ryan O'Reilly wins face-off versus Joe Thornton in Islanders zone.
7:58 of 1st period - Wrist shot by David Perron.
7:58 of 1st period - Deflect By Ryan O'Reilly.
7:58 of 1st period - Shot Misses the Net.
7:58 of 1st period - Puck is out of play.
7:59 of 1st period - Joe Thornton wins face-off versus Ryan O'Reilly in Islanders zone.
8:10 of 1st period - Slapshot by Vladimir Tarasenko.
8:10 of 1st period - Deflect By Evander Kane.
8:10 of 1st period - Stopped by Carey Price with a rebound.
8:12 of 1st period - Slapshot by Ryan Ellis.
8:12 of 1st period - Stopped by Carey Price with a rebound.
8:14 of 1st period - Snap shot by Ryan Ellis.
8:14 of 1st period - Stopped by Carey Price without a rebound.
8:15 of 1st period - David Legwand wins face-off versus Drew Shore in Blues zone.
9:21 of 1st period - Penalty to Filip Forsberg is over, Filip Forsberg is back on ice.
9:51 of 1st period - Snap shot by Vladimir Tarasenko.
9:51 of 1st period - Shot Misses the Net.
9:53 of 1st period - Slapshot by Tomas Kundratek.
9:53 of 1st period - Deflect By Vladimir Tarasenko.
9:53 of 1st period - Stopped by Carey Price with a rebound.
10:03 of 1st period - Wrist shot by Nicklas Backstrom.
10:03 of 1st period - Stopped by Jonathan Quick without a rebound.
10:04 of 1st period - Nicklas Backstrom wins face-off versus Tomas Plekanec in Islanders zone.
10:11 of 1st period - Slapshot by Nicklas Backstrom.
10:11 of 1st period - Shot Blocked by Ryan Ellis.
10:13 of 1st period - Slapshot by Ryan Murray.
10:13 of 1st period - Shot Blocked by Vladimir Tarasenko.
10:15 of 1st period - Slapshot by David Perron.
10:15 of 1st period - Shot Misses the Net.
10:38 of 1st period - Ryan O'Reilly is hit by Evander Kane and loses puck.
10:57 of 1st period - Snap shot by Jiri Hudler.
10:57 of 1st period - Stopped by Carey Price with a rebound.
10:59 of 1st period - Slapshot by Tomas Kundratek.
10:59 of 1st period - Stopped by Carey Price with a rebound.
11:27 of 1st period - Slapshot by Jake Gardiner.
11:27 of 1st period - Stopped by Jonathan Quick without a rebound.
11:28 of 1st period - Nicklas Backstrom wins face-off versus Joe Thornton in Islanders zone.
12:52 of 1st period - Yann Sauvé is hit by Vladimir Tarasenko and loses puck.
12:59 of 1st period - Slapshot by Vladimir Tarasenko.
12:59 of 1st period - Stopped by Carey Price with a rebound.
13:01 of 1st period - Snap shot by Vladimir Tarasenko.
13:01 of 1st period - Stopped by Carey Price without a rebound.
13:02 of 1st period - Nicklas Backstrom wins face-off versus David Legwand in Blues zone.
13:02 of 1st period - Nicklas Backstrom is hit by David Legwand.
14:16 of 1st period - Off-side.
14:17 of 1st period - Tomas Plekanec wins face-off versus Nicklas Backstrom in neutral zone.
14:19 of 1st period - Off-side.
14:20 of 1st period - Nicklas Backstrom wins face-off versus Joe Thornton in neutral zone.
14:22 of 1st period - Off-side.
14:23 of 1st period - Nicklas Backstrom wins face-off versus Mike Brown in neutral zone.
14:26 of 1st period - Slapshot by Jake Gardiner.
14:26 of 1st period - Deflect By Ryan Ellis.
14:26 of 1st period - Stopped by Jonathan Quick with a rebound.
14:28 of 1st period - Slapshot by Jake Gardiner.
14:28 of 1st period - Stopped by Jonathan Quick with a rebound.
14:30 of 1st period - Snap shot by Yann Sauvé.
14:30 of 1st period - Goal by Yann Sauvé - Islanders : 0 - Blues : 2.
14:31 of 1st period - Joe Thornton wins face-off versus Nicklas Backstrom in neutral zone.
14:49 of 1st period - Minor Penalty to Mike Brown for Hooking.
14:50 of 1st period - Filip Forsberg wins face-off versus Tomas Plekanec in Islanders zone.
15:17 of 1st period - Evander Kane is hit by David Perron and loses puck.
15:24 of 1st period - Wrist shot by David Perron.
15:24 of 1st period - Stopped by Jonathan Quick without a rebound.
15:25 of 1st period - Tomas Plekanec wins face-off versus Nicklas Backstrom in Islanders zone.
15:32 of 1st period - Snap shot by Jordan Eberle.
15:32 of 1st period - Shot Misses the Net.
15:34 of 1st period - Snap shot by Nicklas Backstrom.
15:34 of 1st period - Stopped by Jonathan Quick with a rebound.
15:56 of 1st period - Slapshot by Ryan O'Reilly.
15:56 of 1st period - Deflect By David Perron.
15:56 of 1st period - Shot Misses the Net.
15:56 of 1st period - Puck is out of play.
15:57 of 1st period - Jordan Eberle wins face-off versus Tomas Plekanec in Islanders zone.
16:31 of 1st period - Slapshot by Alex Pietrangelo.
16:31 of 1st period - Stopped by Jonathan Quick without a rebound.
16:32 of 1st period - Nicklas Backstrom wins face-off versus Tomas Plekanec in Islanders zone.
16:49 of 1st period - Penalty to Mike Brown is over, Mike Brown is back on ice.
17:02 of 1st period - Off-side.
17:03 of 1st period - Nicklas Backstrom wins face-off versus Tomas Fleischmann in neutral zone.
17:10 of 1st period - Wrist shot by David Perron.
17:10 of 1st period - Shot Blocked by Vladimir Tarasenko.
17:12 of 1st period - Wrist shot by David Perron.
17:12 of 1st period - Stopped by Jonathan Quick without a rebound.
17:13 of 1st period - Nicklas Backstrom wins face-off versus Joe Thornton in Islanders zone.
17:29 of 1st period - Minor Penalty to Evander Kane for Hooking.
17:30 of 1st period - Tomas Plekanec wins face-off versus Nicklas Backstrom in Islanders zone.
17:51 of 1st period - Carl Klingberg is hit by Alex Pietrangelo and loses puck.
18:08 of 1st period - Dustin Byfuglien is hit by Ryan O'Reilly and loses puck.
19:29 of 1st period - Penalty to Evander Kane is over, Evander Kane is back on ice.
19:55 of 1st period - Backhand shot by Alex Pietrangelo.
19:55 of 1st period - Deflect By Gustav Nyquist.
19:55 of 1st period - Shot Misses the Net.
19:55 of 1st period - Puck is out of play.
19:56 of 1st period - Vincent Lecavalier wins face-off versus David Legwand in Islanders zone.
Goals for this period are 0 for Islanders vs 2 for Blues.
Shots for this period are 11 for Islanders vs 13 for Blues.
2nd period
0:01 of 2nd period - Nicklas Backstrom wins face-off versus Joe Thornton in neutral zone.
0:14 of 2nd period - Slapshot by Jordan Eberle.
0:14 of 2nd period - Shot Misses the Net.
0:52 of 2nd period - Fabian Brunnstrom is hit by Jiri Hudler and loses puck.
0:58 of 2nd period - Icing by Cody Ceci.
0:59 of 2nd period - Drew Shore wins face-off versus Maxim Talbot in Blues zone.
1:04 of 2nd period - Snap shot by Jake Gardiner.
1:04 of 2nd period - Shot Misses the Net.
1:06 of 2nd period - Wrist shot by Fabian Brunnstrom.
1:06 of 2nd period - Shot Blocked by Ryan Ellis.
1:08 of 2nd period - Snap shot by Anthony Mantha.
1:08 of 2nd period - Shot Misses the Net.
1:10 of 2nd period - Wrist shot by Drew Shore.
1:10 of 2nd period - Goal by Drew Shore - Islanders : 0 - Blues : 3.
1:11 of 2nd period - Nicklas Backstrom wins face-off versus Joe Thornton in neutral zone.
1:57 of 2nd period - Slapshot by Alex Pietrangelo.
1:57 of 2nd period - Shot Misses the Net.
1:59 of 2nd period - Snap shot by Drew Shore.
1:59 of 2nd period - Stopped by Jonathan Quick with a rebound.
2:11 of 2nd period - Snap shot by Fabian Brunnstrom.
2:11 of 2nd period - Stopped by Jonathan Quick with a rebound.
2:31 of 2nd period - Snap shot by Gustav Nyquist.
2:31 of 2nd period - Stopped by Jonathan Quick with a rebound.
2:41 of 2nd period - Jay Bouwmeester is hit by David Perron and loses puck.
3:02 of 2nd period - Ryan O'Reilly is hit by Vladimir Tarasenko and loses puck.
3:09 of 2nd period - David Legwand is hit by Jake Gardiner and loses puck.
3:48 of 2nd period - Maxim Talbot is hit by Gustav Nyquist and loses puck.
4:30 of 2nd period - Justin Falk is hit by Drew Shore and loses puck.
4:35 of 2nd period - Wrist shot by Anthony Mantha.
4:35 of 2nd period - Stopped by Jonathan Quick with a rebound.
5:36 of 2nd period - Cody Ceci is hit by Joe Thornton and loses puck.
6:12 of 2nd period - Backhand shot by David Perron.
6:12 of 2nd period - Shot Blocked by Ryan Ellis.
6:16 of 2nd period - Snap shot by David Perron.
6:16 of 2nd period - Stopped by Jonathan Quick with a rebound.
6:26 of 2nd period - T.J. Fast is hit by Anthony Mantha and loses puck.
6:55 of 2nd period - Slapshot by Jay Bouwmeester.
6:55 of 2nd period - Stopped by Carey Price with a rebound.
6:57 of 2nd period - Wrist shot by Jiri Hudler.
6:57 of 2nd period - Stopped by Carey Price without a rebound.
6:57 of 2nd period - Minor Penalty to Carey Price for Slashing.
6:58 of 2nd period - Drew Shore wins face-off versus Joe Thornton in Blues zone.
6:58 of 2nd period - Drew Shore is hit by Jay Bouwmeester.
8:30 of 2nd period - Off-side.
8:31 of 2nd period - Filip Forsberg wins face-off versus David Legwand in neutral zone.
8:44 of 2nd period - Jordan Eberle is hit by Fedor Tyutin and loses puck.
8:57 of 2nd period - Penalty to Vincent Lecavalier is over, Vincent Lecavalier is back on ice.
9:07 of 2nd period - Snap shot by Sergei Shirokov.
9:07 of 2nd period - Stopped by Jonathan Quick without a rebound.
9:08 of 2nd period - Ryan O'Reilly wins face-off versus Maxim Talbot in Islanders zone.
9:23 of 2nd period - Wrist shot by Ryan O'Reilly.
9:23 of 2nd period - Stopped by Jonathan Quick with a rebound.
9:58 of 2nd period - Ryan Murray is hit by Vladimir Tarasenko and loses puck.
10:18 of 2nd period - Wrist shot by Maxim Talbot.
10:18 of 2nd period - Stopped by Carey Price without a rebound.
10:19 of 2nd period - Maxim Talbot wins face-off versus Nicklas Backstrom in Blues zone.
10:22 of 2nd period - Snap shot by Maxim Talbot.
10:22 of 2nd period - Stopped by Carey Price with a rebound.
10:46 of 2nd period - Fedor Tyutin is hit by Filip Forsberg and loses puck.
11:07 of 2nd period - Slapshot by Alex Pietrangelo.
11:07 of 2nd period - Stopped by Jonathan Quick with a rebound.
11:09 of 2nd period - Snap shot by Gustav Nyquist.
11:09 of 2nd period - Goal by Gustav Nyquist - Islanders : 0 - Blues : 4.
11:10 of 2nd period - Nicklas Backstrom wins face-off versus Joe Thornton in neutral zone.
11:21 of 2nd period - Slapshot by Alex Pietrangelo.
11:21 of 2nd period - Shot Blocked by Mike Brown.
11:48 of 2nd period - Snap shot by Alex Pietrangelo.
11:48 of 2nd period - Stopped by Jonathan Quick without a rebound.
11:49 of 2nd period - Drew Shore wins face-off versus David Legwand in Islanders zone.
12:00 of 2nd period - Snap shot by Fabian Brunnstrom.
12:00 of 2nd period - Stopped by Jonathan Quick without a rebound.
12:01 of 2nd period - Nicklas Backstrom wins face-off versus Joe Thornton in Islanders zone.
12:08 of 2nd period - Wrist shot by Nicklas Backstrom.
12:08 of 2nd period - Stopped by Jonathan Quick with a rebound.
12:18 of 2nd period - Wrist shot by Joe Thornton.
12:18 of 2nd period - Shot Misses the Net.
12:28 of 2nd period - Jake Gardiner is hit by Jiri Hudler.
12:32 of 2nd period - Dustin Byfuglien is hit by Jordan Eberle and loses puck.
13:01 of 2nd period - Slapshot by Maxim Talbot.
13:01 of 2nd period - Stopped by Carey Price with a rebound.
13:03 of 2nd period - Wrist shot by Maxim Talbot.
13:03 of 2nd period - Shot Blocked by Cody Ceci.
13:05 of 2nd period - Slapshot by Ryan Ellis.
13:05 of 2nd period - Shot Blocked by Cody Ceci.
13:07 of 2nd period - Slapshot by Jiri Hudler.
13:07 of 2nd period - Stopped by Carey Price with a rebound.
13:21 of 2nd period - Snap shot by Maxim Talbot.
13:21 of 2nd period - Shot Misses the Net.
13:23 of 2nd period - Snap shot by Carl Klingberg.
13:23 of 2nd period - Stopped by Carey Price with a rebound.
13:25 of 2nd period - Snap shot by Dustin Byfuglien.
13:25 of 2nd period - Stopped by Carey Price without a rebound.
13:26 of 2nd period - Joe Thornton wins face-off versus Ryan O'Reilly in Blues zone.
13:27 of 2nd period - Snap shot by Evander Kane.
13:27 of 2nd period - Shot Misses the Net.
13:39 of 2nd period - Snap shot by Ryan O'Reilly.
13:39 of 2nd period - Stopped by Jonathan Quick without a rebound.
13:40 of 2nd period - Ryan O'Reilly wins face-off versus Joe Thornton in Islanders zone.
13:45 of 2nd period - Snap shot by Filip Forsberg.
13:45 of 2nd period - Stopped by Jonathan Quick without a rebound.
13:46 of 2nd period - Joe Thornton wins face-off versus Ryan O'Reilly in Islanders zone.
14:13 of 2nd period - Fedor Tyutin is hit by Jake Gardiner and loses puck.
14:46 of 2nd period - Minor Penalty to Gustav Nyquist for Holding.
14:47 of 2nd period - Drew Shore wins face-off versus Joe Thornton in Blues zone.
14:57 of 2nd period - Off-side.
14:58 of 2nd period - Joe Thornton wins face-off versus Drew Shore in neutral zone.
15:01 of 2nd period - Snap shot by Evander Kane.
15:01 of 2nd period - Shot Misses the Net.
16:19 of 2nd period - Yann Sauvé is hit by Fedor Tyutin.
16:46 of 2nd period - Penalty to Gustav Nyquist is over, Gustav Nyquist is back on ice.
16:51 of 2nd period - Off-side.
16:52 of 2nd period - Tomas Plekanec wins face-off versus Vincent Lecavalier in neutral zone.
16:55 of 2nd period - Snap shot by Zac Rinaldo.
16:55 of 2nd period - Goal by Zac Rinaldo - Islanders : 1 - Blues : 4.
16:56 of 2nd period - Nicklas Backstrom wins face-off versus Joe Thornton in neutral zone.
17:07 of 2nd period - Slapshot by David Perron.
17:07 of 2nd period - Deflect By Nicklas Backstrom.
17:07 of 2nd period - Shot Misses the Net.
17:07 of 2nd period - Puck is out of play.
17:08 of 2nd period - Joe Thornton wins face-off versus Nicklas Backstrom in Islanders zone.
17:08 of 2nd period - Joe Thornton is hit by Jordan Eberle.
17:18 of 2nd period - Slapshot by Evander Kane.
17:18 of 2nd period - Shot Misses the Net.
17:24 of 2nd period - Snap shot by Joe Thornton.
17:24 of 2nd period - Shot Misses the Net.
17:35 of 2nd period - Minor Penalty to Sergei Shirokov for High sticking.
17:36 of 2nd period - Joe Thornton wins face-off versus Drew Shore in Blues zone.
17:45 of 2nd period - Slapshot by Ryan Ellis.
17:45 of 2nd period - Shot Blocked by Yann Sauvé.
17:47 of 2nd period - Wrist shot by Joe Thornton.
17:47 of 2nd period - Goal by Joe Thornton - Islanders : 2 - Blues : 4.
17:48 of 2nd period - Jordan Eberle wins face-off versus Joe Thornton in neutral zone.
18:04 of 2nd period - Slapshot by Evander Kane.
18:04 of 2nd period - Stopped by Carey Price without a rebound.
18:05 of 2nd period - Ryan O'Reilly wins face-off versus David Legwand in Blues zone.
18:41 of 2nd period - Snap shot by Evander Kane.
18:41 of 2nd period - Stopped by Carey Price without a rebound.
18:42 of 2nd period - David Legwand wins face-off versus Nicklas Backstrom in Blues zone.
19:09 of 2nd period - Jiri Hudler is hit by Sergei Shirokov and loses puck.
19:34 of 2nd period - Snap shot by Fabian Brunnstrom.
19:34 of 2nd period - Shot Misses the Net.
19:36 of 2nd period - Minor Penalty to Jay Bouwmeester for Interference.
19:37 of 2nd period - Nicklas Backstrom wins face-off versus Tomas Plekanec in Islanders zone.
19:40 of 2nd period - Wrist shot by Jordan Eberle.
19:40 of 2nd period - Deflect By Nicklas Backstrom.
19:40 of 2nd period - Goal by Nicklas Backstrom - Islanders : 2 - Blues : 5.
19:41 of 2nd period - David Perron wins face-off versus Joe Thornton in neutral zone.
19:46 of 2nd period - Wrist shot by David Perron.
19:46 of 2nd period - Stopped by Jonathan Quick with a rebound.
19:52 of 2nd period - Alex Pietrangelo is hit by Mike Brown and loses puck.
Goals for this period are 2 for Islanders vs 3 for Blues.
Shots for this period are 12 for Islanders vs 17 for Blues.
3rd period
0:01 of 3rd period - Joe Thornton wins face-off versus Nicklas Backstrom in neutral zone.
0:04 of 3rd period - Ryan Ellis is hit by David Perron and loses puck.
0:57 of 3rd period - Slapshot by Fedor Tyutin.
0:57 of 3rd period - Stopped by Carey Price without a rebound.
0:58 of 3rd period - Joe Thornton wins face-off versus Drew Shore in Blues zone.
2:06 of 3rd period - Jimmy Vesey is hit by Mike Brown and loses puck.
2:27 of 3rd period - Shayne Gostisbehere is hit by Vladimir Tarasenko and loses puck.
2:36 of 3rd period - Snap shot by Vladimir Tarasenko.
2:36 of 3rd period - Shot Misses the Net.
2:38 of 3rd period - Slapshot by Dustin Byfuglien.
2:38 of 3rd period - Shot Blocked by Drew Shore.
2:50 of 3rd period - Wrist shot by Vladimir Tarasenko.
2:50 of 3rd period - Stopped by Carey Price with a rebound.
4:19 of 3rd period - Slapshot by Ryan Ellis.
4:19 of 3rd period - Stopped by Carey Price with a rebound.
4:44 of 3rd period - Jordan Eberle is hit by Evander Kane and loses puck.
5:06 of 3rd period - Tomas Plekanec is hit by David Perron and loses puck.
5:13 of 3rd period - Wrist shot by Jordan Eberle.
5:13 of 3rd period - Stopped by Jonathan Quick without a rebound.
5:14 of 3rd period - Vladimir Tarasenko wins face-off versus Filip Forsberg in Islanders zone.
5:21 of 3rd period - Snap shot by Vladimir Tarasenko.
5:21 of 3rd period - Shot Misses the Net.
5:48 of 3rd period - Wrist shot by Maxim Talbot.
5:48 of 3rd period - Shot Blocked by Drew Shore.
6:23 of 3rd period - Slapshot by Cody Ceci.
6:23 of 3rd period - Stopped by Jonathan Quick with a rebound.
6:53 of 3rd period - Dustin Byfuglien is hit by Drew Shore and loses puck.
7:18 of 3rd period - Minor Penalty to David Legwand for Slashing.
7:19 of 3rd period - Nicklas Backstrom wins face-off versus Tomas Plekanec in Islanders zone.
7:31 of 3rd period - Slapshot by Alex Pietrangelo.
7:31 of 3rd period - Stopped by Jonathan Quick without a rebound.
7:32 of 3rd period - Tomas Plekanec wins face-off versus Nicklas Backstrom in Islanders zone.
7:53 of 3rd period - Fedor Tyutin is hit by Ryan O'Reilly and loses puck.
9:18 of 3rd period - Penalty to David Legwand is over, David Legwand is back on ice.
9:25 of 3rd period - David Legwand is hit by Fabian Brunnstrom and loses puck.
9:30 of 3rd period - Snap shot by Drew Shore.
9:30 of 3rd period - Stopped by Jonathan Quick with a rebound.
9:42 of 3rd period - Minor Penalty to Tomas Kundratek for Tripping.
9:43 of 3rd period - Tomas Plekanec wins face-off versus Nicklas Backstrom in Islanders zone.
10:17 of 3rd period - Zac Rinaldo is hit by David Perron and loses puck.
11:42 of 3rd period - Penalty to Tomas Kundratek is over, Tomas Kundratek is back on ice.
12:33 of 3rd period - Cody Ceci is hit by David Legwand and loses puck.
12:55 of 3rd period - Slapshot by Evander Kane.
12:55 of 3rd period - Stopped by Carey Price with a rebound.
13:09 of 3rd period - Justin Falk is hit by Yann Sauvé and loses puck.
13:32 of 3rd period - Jiri Hudler is hit by Cody Ceci and loses puck.
13:49 of 3rd period - Anthony Mantha is hit by Jiri Hudler and loses puck.
14:36 of 3rd period - Drew Shore is hit by Jiri Hudler and loses puck.
15:24 of 3rd period - Fedor Tyutin is hit by Gustav Nyquist and loses puck.
15:37 of 3rd period - Jake Gardiner is hit by Jay Bouwmeester and loses puck.
16:52 of 3rd period - Zac Rinaldo is hit by Gustav Nyquist and loses puck.
17:31 of 3rd period - Dustin Byfuglien is hit by Nicklas Backstrom and loses puck.
18:24 of 3rd period - Tomas Kundratek is hit by David Perron and loses puck.
18:59 of 3rd period - Jay Bouwmeester is hit by Fabian Brunnstrom and loses puck.
19:18 of 3rd period - Joe Thornton is hit by Gustav Nyquist and loses puck.
Goals for this period are 0 for Islanders vs 0 for Blues.
Shots for this period are 4 for Islanders vs 4 for Blues.